Cogmind - Beta 11 X7 *** ADVENTURER MODE // 2021.08.23 @ 23:22:22 Player: nalzok Result: Destroyed by B-86 Titan with Railgun Performance ------------- Evolutions (6) 3000 Regions Visited (11) 2200 Robots Destroyed (155) 775 Value Destroyed (7964) 7964 Prototype IDs (11) 220 Alien Tech Used (0) 0 Bonus (2872) 2872 TOTAL SCORE: 17031 Bonus ------- High Alert Combat Kills 1057 Follower Combat Kills 411 Entered Garrisons 600 Used RIF Installer 1000 Friendly Fire -196 Cogmind --------- Core Integrity 0/1150 Matter 5/300 Energy 94/100 System Corruption 5% Temperature Cool (2) Movement Walking (200) Ox1 Location -4/Garrison Parts ------- > --- POWER (2) -------- (None) > --- PROPULSION (4) --- Advanced Myomer Leg Advanced Myomer Leg > --- UTILITY (9) ------ Huge Storage Unit > --- WEAPON (4) ------- (None) > --- INVENTORY (25) --- Improved Coolant Injector Huge Storage Unit Huge Storage Unit Large Battery (200) Triangulator Improved Particle Charger Advanced Particle Charger Improved Heavy Armor Plating Layered Medium Armor Plating Improved Focal Shield Improved Focal Shield Relay Coupler [Swarmer] (47) Relay Coupler [Sentry] (28) Heavy Plasma Cannon Improved Remote Datajack Improved Remote Datajack Peak State ------------ > --- POWER ------------ Micro Fission Core Antimatter Reactor > --- PROPULSION ------- Advanced Myomer Leg Advanced Myomer Leg Advanced Myomer Leg Advanced Myomer Leg > --- UTILITY ---------- Advanced Heat Sink Advanced Heat Sink Improved Cooling System Huge Storage Unit Layered Medium Armor Plating Layered Medium Armor Plating Improved Focal Shield Relay Coupler [Grunt] Relay Coupler [Heavy] > --- WEAPON ----------- Long-range Proton Cannon Proton Burst Cannon Heavy Plasma Cannon Advanced Plasma Cannon > --- INVENTORY -------- Angular Momentum Engine Biometal Medium Treads Biometal Medium Treads Myomer Leg Advanced Myomer Leg Advanced Myomer Leg Improved Coolant Injector Huge Storage Unit Huge Storage Unit Large Battery Triangulator Improved Particle Charger Advanced Particle Charger Improved Heavy Armor Plating Layered Medium Armor Plating Improved Focal Shield Improved Focal Shield Relay Coupler [Swarmer] Relay Coupler [Sentry] Cooled Phase Gun Rocket Array Neutron Missile Launcher Improved Remote Datajack Improved Remote Datajack [Rating: 123] Favorites ----------- Power Micro Fission Core Engine Improved Ion Engine Power Core Micro Fission Core Reactor Antimatter Reactor Propulsion Light Treads Treads Light Treads Leg Flexi-carbon Leg Wheel Wheel Utility Large Storage Unit Device Advanced Heat Sink Storage Large Storage Unit Processor Signal Interpreter Hackware Relay Coupler [Grunt] Protection Improved Light Armor Plating Weapon High-powered Shotgun Energy Gun Improved Heavy Laser Energy Cannon Advanced Plasma Cannon Ballistic Gun High-powered Shotgun Ballistic Cannon Assault Cannon Launcher Shock Bomb Launcher Special Weapon Improved Remote Datajack Slashing Weapon Carbide Saw Build | -11 -10 -9 -9 -8 -7 -7 -6 -6 -5 -4 -4 ------- Run | Scr Mat Mat Min Mat Fac Gar Fac Gar Fac Fac Gar Slots Evolved 12 | . . 2 . 2 2 . 2 . 2 2 . Power 1 | . . . . . . . . . 1 . . Propulsion 2 | . . . . . 1 . 1 . . . . Utility 7 | . . 2 . 2 . . 1 . 1 1 . Weapon 2 | . . . . . 1 . . . . 1 . Parts Attached 224 | 6 2 10 7 20 11 11 3 50 54 25 25 Power 26 | 1 . 1 1 2 1 2 . 5 7 2 4 Engine 9 | 1 . 1 1 1 . . . 3 . 1 1 Core 15 | . . . . 1 1 2 . 2 7 . 2 Reactor 2 | . . . . . . . . . . 1 1 Propulsion 62 | 2 . 3 3 4 3 2 1 12 13 6 13 Treads 21 | . . 3 1 4 3 2 1 4 1 . 2 Leg 39 | . . . 2 . . . . 8 12 6 11 Wheel 2 | 2 . . . . . . . . . . . Hover . | . . . . . . . . . . . . Flight . | . . . . . . . . . . . . Utility 57 | 1 2 4 . 10 1 4 1 12 15 6 1 Device 30 | 1 . 3 . 5 1 2 . 7 8 3 . Storage 7 | . 1 . . 1 . . . 2 2 1 . Processor 2 | . . . . 2 . . . . . . . Hackware 4 | . . . . . . . . 1 3 . . Protection 14 | . 1 1 . 2 . 2 1 2 2 2 1 Artifact . | . . . . . . . . . . . . Weapon 79 | 2 . 2 3 4 6 3 1 21 19 11 7 Energy Gun 18 | . . . 2 . 3 . . 8 3 1 1 Energy Cannon 21 | . . . . . . . . 3 8 8 2 Ballistic Gun 19 | 2 . 2 . 4 2 2 1 6 . . . Ballistic Cannon 1 | . . . . . 1 . . . . . . Launcher 12 | . . . 1 . . 1 . 4 1 2 3 Special Weapon 7 | . . . . . . . . . 7 . . Impact Weapon . | . . . . . . . . . . . . Slashing Weapon 1 | . . . . . . . . . . . 1 Piercing Weapon . | . . . . . . . . . . . . Special Melee Weapon . | . . . . . . . . . . . . Unidentified Prototypes 7 | . . . . . . . . . 3 4 . Corrupted Parts 9 | . . . . . . . . 5 3 1 . System Corruption 30 | . . . . . . . . 17 12 1 . Parts Lost 70 | . . 1 10 3 . 2 . 26 4 2 22 Power 9 | . . . 1 1 . . . 3 . . 4 Propulsion 20 | . . 1 3 . . . . 7 2 . 7 Utility 19 | . . . 3 2 . 2 . 6 1 1 4 Weapon 22 | . . . 3 . . . . 10 1 1 7 Highest Loss Streak 15 | . . 1 6 1 . 1 . 15 2 1 11 Average Slot Usage (%) 88 | . 98 93 69 91 100 99 99 76 97 99 37 Engine 2 | . 14 11 10 7 . . . 2 . . . Core 5 | . . . . . 7 7 6 2 8 7 1 Treads 11 | . . 14 11 13 23 23 26 11 9 . 1 Leg 8 | . . . 5 4 . . . 7 13 21 9 Wheel 1 | . 28 6 . . . . . . . . . Device 14 | . 2 8 2 15 22 13 13 11 19 21 5 Storage 8 | . 12 11 11 9 7 7 6 8 11 5 5 Processor 5 | . . . . 15 15 15 13 8 . . . Hackware 4 | . . . . . . . . 2 9 10 2 Protection 6 | . 11 19 9 7 . 8 12 4 4 9 2 Energy Gun 3 | . . . 14 1 6 . . 6 4 3 . Energy Cannon 4 | . . . . . . . . 2 8 16 4 Ballistic Gun 7 | . 28 22 3 16 12 17 16 5 . . . Naked Turns . | . . . . . . . . . . . . Heaviest Build 159 | 8 30 38 38 38 41 45 50 66 75 159 159 Greatest Support 120 | 20 20 40 40 43 63 63 85 85 83 120 120 Greatest Overweight (x) 32 | . 1 3 8 1 . . . 8 1 1 32 Average Overweight (x) . | . . . . . . . . . . . 1 Largest Inventory Capacity 25 | 5 15 15 15 15 15 15 15 15 15 25 25 Average Capacity 16 | 5 14 15 15 15 15 15 15 15 15 18 25 Most Carried 25 | 3 8 14 14 15 15 15 15 15 15 25 25 Average Carried 14 | 2 6 11 10 11 14 14 14 14 14 17 18 Final Capacity 25 | 5 15 15 15 15 15 15 15 15 15 25 25 Final Carried 25 | 3 8 14 7 15 15 15 15 15 15 25 17 Class Distribution -------------------- 23% | Scavenger-Skirmisher 18% | Mutant 16% | Scavenger-Tank 16% | Scavenger-Mutant 12% | Bothacker-Tank 8% | Skirmisher 4% | Bothacker-Mutant Dominant Class ---------------- Mutant | -10/Materials Scavenger-Mutant | -9/Materials Mutant | -9/Mines Scavenger-Skirmisher | -8/Materials Scavenger-Skirmisher | -7/Factory Scavenger-Skirmisher | -7/Garrison Scavenger-Skirmisher | -6/Factory Scavenger-Mutant | -6/Garrison Bothacker-Tank | -5/Factory Scavenger-Tank | -4/Factory Mutant | -4/Garrison Resources | -11 -10 -9 -9 -8 -7 -7 -6 -6 -5 -4 -4 ----------- Run | Scr Mat Mat Min Mat Fac Gar Fac Gar Fac Fac Gar Matter Collected 4086 | 302 32 290 26 626 . 719 48 840 804 323 76 Remotely . | . . . . . . . . . . . . Salvage Created 6673 | 43 46 341 86 843 . 567 48 1108 1497 1524 570 Parts 298 | 1 1 21 . 53 . 30 . 48 60 63 21 Haulers Intercepted 1 | . . 1 . . . . . . . . . Recyclers Shooed 6 | . . . . 3 . . . . . 3 . Parts Field Recycled . | . . . . . . . . . . . . Retrieved Matter . | . . . . . . . . . . . . Parts Self-Destructed . | . . . . . . . . . . . . Prevented . | . . . . . . . . . . . . Kills | -11 -10 -9 -9 -8 -7 -7 -6 -6 -5 -4 -4 ------- Run | Scr Mat Mat Min Mat Fac Gar Fac Gar Fac Fac Gar Combat Hostiles Destroyed 158 | 1 1 7 15 16 . 21 2 24 27 25 19 Melee 2 | . . . . . . . . . . . 2 Guns 76 | 1 1 7 5 16 . 17 2 19 6 2 . Cannons 47 | . . . . . . 4 . . 20 19 4 AOE 28 | . . . 10 . . . . 5 . . 13 Classes Destroyed 15 | 1 . 4 1 3 . . . 2 1 1 2 Worker 1 | . . 1 . . . . . . . . . Builder 3 | . . . . 2 . . . . . 1 . Hauler 1 | . . 1 . . . . . . . . . Recycler 3 | . . . . 1 . . . . 1 1 . Watcher 2 | . . . . . . . . . . 2 . Swarmer 45 | . . 3 . 3 . 14 . 6 5 10 4 Cutter 4 | . . . . . . . . . . . 4 Grunt 52 | 1 1 2 1 9 . 3 . 13 11 8 3 Brawler 1 | . . . . . . . . . . . 1 Duelist 2 | . . . . . . . . 1 . . 1 Sentry 19 | . . 2 . 3 . 4 1 3 1 2 3 Specialist 1 | . . . . . . . . 1 . . . Hunter 11 | . . . . 1 . . 1 . 6 1 2 Programmer 10 | . . . . . . . . . 5 4 1 Assembled 14 | . . . 14 . . . . . . . . Best Kill Streak 11 | 1 1 4 11 3 . 7 1 3 6 5 6 Combat Bots Only 11 | 1 1 3 11 3 . 7 1 3 6 5 6 Max Kills in Single Turn 4 | 1 1 2 4 2 . 2 1 3 1 3 3 Gunslinging 1 | . . . . 1 . . . . . . . Exploded 3 | . . . 3 . . . . 2 . . 3 Melee 1 | . . . . . . . . . . . 1 Uniques/NPCs Destroyed . | . . . . . . . . . . . . Combat | -11 -10 -9 -9 -8 -7 -7 -6 -6 -5 -4 -4 -------- Run | Scr Mat Mat Min Mat Fac Gar Fac Gar Fac Fac Gar Damage Taken 14077 | 75 49 316 1259 682 . 1130 520 3126 1977 736 4207 Core 2628 | 16 11 64 310 106 . 138 29 595 203 . 1156 Absorbed by Shields 134 | . . . . 58 . 55 . . . . 21 Core Remaining (%) 64 | 93 89 . 6 80 . 80 . 26 79 . . Volleys Fired 414 | 7 2 30 21 61 1 41 10 97 82 39 23 Largest 4 | 2 2 2 2 2 3 3 3 3 3 4 4 Hottest 359 | 40 40 46 96 43 115 97 78 188 286 359 359 Shots Fired 915 | 14 4 60 37 122 3 114 26 160 192 136 47 Gun 580 | 14 4 60 30 122 3 88 26 151 48 32 2 Cannon 280 | . . . . . . 21 . 1 120 103 35 Launcher 31 | . . . 7 . . 5 . 8 . 1 10 Special 24 | . . . . . . . . . 24 . . Kinetic 431 | 14 4 60 2 122 2 109 26 92 . . . Thermal 362 | . . . 28 . 1 . . 43 164 97 29 Explosive 18 | . . . 7 . . . . . . 1 10 Electromagnetic 80 | . . . . . . 5 . 25 4 38 8 Robot Hit Streak 36 | 11 15 31 16 22 . 23 9 26 36 14 11 Robot Miss Streak 6 | 1 . 1 1 1 . 6 3 3 3 2 3 Penetration Max . | . . . . . . . . . . . . Secondary Targets 5 | . . 1 . 1 . 1 . 2 . . . Max Gunslinging Chain 1 | . . 1 . 1 . 1 . 1 . . . Shots Hit Robots 676 | 13 4 51 30 101 . 73 25 129 135 80 35 Core Hits 437 | 2 2 15 35 47 . 53 17 96 46 54 70 Critical Kills 3 | . . . . . . . . . . 3 . Critical Parts Destroyed . | . . . . . . . . . . . . Critical Strikes 8 | . . . . 1 . . . 1 2 3 1 Burn 3 | . . . . . . . . 1 2 . . Meltdown 3 | . . . . . . . . . . 3 . Destroy 1 | . . . . 1 . . . . . . . Corrupt 1 | . . . . . . . . . . . 1 Melee Attacks 5 | . . . . . . . . . . . 5 Impact . | . . . . . . . . . . . . Slashing 5 | . . . . . . . . . . . 5 Piercing . | . . . . . . . . . . . . Sneak Attacks . | . . . . . . . . . . . . Combat Hostiles . | . . . . . . . . . . . . Follow-up Attacks . | . . . . . . . . . . . . Damage Inflicted 19541 | 165 47 787 1102 1301 . 1454 437 3329 4107 3451 3361 Guns 8386 | 165 47 787 314 1301 . 1138 436 2705 1014 429 50 Cannons 6571 | . . . . . . 241 . . 3024 2520 786 Explosions 4516 | . . . 788 . . 75 . 624 69 502 2458 Melee 37 | . . . . . . . . . . . 37 Ramming 31 | . . . . . . . 1 . . . 30 Kinetic 5845 | 165 47 787 31 1301 . 1379 436 1699 . . . Thermal 8729 | . . . 283 . . . . 1071 4028 2673 674 Explosive 3246 | . . . 788 . . . . . . . 2458 Electromagnetic 1653 | . . . . . . 75 . 559 79 778 162 Impact . | . . . . . . . . . . . . Slashing 37 | . . . . . . . . . . . 37 Piercing . | . . . . . . . . . . . . Highest Corruption 18 | . . . 4 . . . . 18 15 5 5 Average Corruption 6 | . . . 4 . . . . 8 6 2 5 Corruption Purged . | . . . . . . . . . . . . Effects 105 | . . . 2 . . . . 14 56 9 24 Message Errors 27 | . . . 1 . . . . 4 13 2 7 Matter Fused 22 | . . . . . . . . 4 11 1 6 Heat Flow Errors 15 | . . . . . . . . 2 7 3 3 Energy Discharges 13 | . . . . . . . . . 8 2 3 Parts Rejected 2 | . . . . . . . . . . . 2 Data Loss (minor) 11 | . . . 1 . . . . 1 7 . 2 Data Loss (major) 3 | . . . . . . . . 1 2 . . Misfires 6 | . . . . . . . . 1 4 1 . Weapon Failures 6 | . . . . . . . . 1 4 . 1 Overload Shots 3 | . . . . . . . . . . . 3 Effects 1 | . . . . . . . . . . . 1 Meltdown 1 | . . . . . . . . . . . 1 Overflow Damage 444 | . . . 32 . . 13 . 35 153 46 165 Projectiles 203 | . . . . . . 3 . . 149 46 5 Explosions 241 | . . . 32 . . 10 . 35 4 . 160 Melee . | . . . . . . . . . . . . Knockbacks . | . . . . . . . . . . . . Impact . | . . . . . . . . . . . . Kinetic . | . . . . . . . . . . . . Secondary . | . . . . . . . . . . . . Self-Inflicted Damage 526 | . . . 9 . . 33 . 110 . 9 365 Shots 24 | . . . 1 . . 3 . 8 . 1 11 Rammed 10 | . . . . . . . 1 . . . 9 Targets Rammed 12 | . . . . . . . 1 . . . 11 Kicked . | . . . . . . . . . . . . Crushed 2 | . . . . . . . . . . . 2 Highest Temperature 340 | . 2 37 175 4 33 154 37 174 274 303 340 Average Temperature 61 | . 2 13 83 4 18 43 21 20 56 91 96 Received Heat Transfer 3327 | 54 12 159 190 387 . 174 126 1179 535 144 367 Siege Activations . | . . . . . . . . . . . . Robots Corrupted 1 | . . . . . . . . . . 1 . Combat Hostiles 1 | . . . . . . . . . . 1 . Parts Fried 6 | . . . . . . . . 1 3 2 . Impact Corruptions . | . . . . . . . . . . . . Robots Melted 4 | . . . . . . . . . 1 3 . Combat Hostiles 4 | . . . . . . . . . 1 3 . Parts Melted 27 | . . . . . . . . . 10 12 5 Heat Transferred 10982 | . . . 670 . . . . 1810 4802 2825 875 Parts Sabotaged . | . . . . . . . . . . . . Parts Stolen . | . . . . . . . . . . . . Parts Stripped . | . . . . . . . . . . . . Power Chain Reactions 5 | . . . . . . . . 3 . 2 . Missiles Intercepted . | . . . . . . . . . . . . Alert | -11 -10 -9 -9 -8 -7 -7 -6 -6 -5 -4 -4 ------- Run | Scr Mat Mat Min Mat Fac Gar Fac Gar Fac Fac Gar Peak Influence 1271 | 20 45 206 35 282 542 847 474 1271 577 824 930 Initial 577 | . 11 16 8 4 82 218 384 292 577 77 481 Average 390 | 2 25 94 5 95 316 553 413 931 136 286 734 Maximum Alert Level 4 | . . 1 . 1 2 3 2 4 2 3 3 Low Security (%) 40 | 100 100 78 100 85 45 . . . 71 46 . Level 1 18 | . . 21 . 14 10 36 58 9 22 13 . Level 2 22 | . . . . . 43 37 41 23 5 32 52 Level 3 11 | . . . . . . 26 . 12 . 7 47 Level 4 7 | . . . . . . . . 54 . . . Level 5 . | . . . . . . . . . . . . High Security . | . . . . . . . . . . . . Max Security . | . . . . . . . . . . . . Squads Dispatched 24 | . 1 2 . 6 1 . 1 . 8 5 . Investigation 3 | . 1 1 . . . . . . . 1 . Extermination 5 | . . . . . . . . . 3 2 . Reinforcement 14 | . . 1 . 6 1 . . . 5 1 . Assault . | . . . . . . . . . . . . Garrison 2 | . . . . . . . 1 . . 1 . Intercept . | . . . . . . . . . . . . Construction Impeded 3 | . . . . 1 . . . . 2 . . Haulers Reinforced 1 | . . . . . . . . . 1 . . Active Scanning Responses . | . . . . . . . . . . . . Cargo Convoy Interrupts 1 | . . . . . . . . . . 1 . Stealth | -11 -10 -9 -9 -8 -7 -7 -6 -6 -5 -4 -4 --------- Run | Scr Mat Mat Min Mat Fac Gar Fac Gar Fac Fac Gar Distress Signals 7 | . 1 . . 3 . . . . 2 1 . Communications Jammed . | . . . . . . . . . . . . Distress Signals . | . . . . . . . . . . . . Times Spotted 251 | 1 1 9 26 28 2 24 5 58 45 32 20 Peak Tracking Total 16 | 1 1 3 16 6 1 7 3 11 8 4 10 Tactical Retreats 24 | . . . 2 2 . 2 . 12 3 . 3 Traps | -11 -10 -9 -9 -8 -7 -7 -6 -6 -5 -4 -4 ------- Run | Scr Mat Mat Min Mat Fac Gar Fac Gar Fac Fac Gar Traps Triggered 11 | . 2 1 . . . 1 . 2 1 1 3 Indirectly 1 | . . . . . . 1 . . . . . Trap Hack Attempts . | . . . . . . . . . . . . Triggered . | . . . . . . . . . . . . Disarmed . | . . . . . . . . . . . . Reprogrammed . | . . . . . . . . . . . . Reused . | . . . . . . . . . . . . Traps Extracted . | . . . . . . . . . . . . Installed . | . . . . . . . . . . . . Triggered 1 | . . . . . . . . . . 1 . Machines | -11 -10 -9 -9 -8 -7 -7 -6 -6 -5 -4 -4 ---------- Run | Scr Mat Mat Min Mat Fac Gar Fac Gar Fac Fac Gar Machines Disabled 24 | . . . . 1 . 3 . 3 7 9 1 Max in Single Turn 4 | . . . . 1 . 1 . 2 3 4 1 Garrison Relay 4 | . . . . . . 3 . 1 . . . Phase Generator 1 | . . . . . . . . 1 . . . Machines Sabotaged . | . . . . . . . . . . . . Garrisons Compromised 1 | . . . . . . . . . . 1 . Overloaded Fab Kills . | . . . . . . . . . . . . Fab Network Shutdowns 1 | . . . . . 1 . . . . . . Hacking | -11 -10 -9 -9 -8 -7 -7 -6 -6 -5 -4 -4 --------- Run | Scr Mat Mat Min Mat Fac Gar Fac Gar Fac Fac Gar Machines Accessed 30 | . 2 7 . 4 4 . 2 . 7 4 . Terminals 22 | . 2 6 . 4 1 . 1 . 6 2 . Fabricators 4 | . . . . . 2 . . . 1 1 . Repair Stations . | . . . . . . . . . . . . Recycling Units . | . . . . . . . . . . . . Scanalyzers 1 | . . 1 . . . . . . . . . Garrison Access 3 | . . . . . 1 . 1 . . 1 . Total Hacks 71 | . 4 28 . 10 6 . 3 . 11 9 . Successful 29 | . 1 12 . 5 3 . 1 . 3 4 . Failed 42 | . 3 16 . 5 3 . 2 . 8 5 . Catastrophic 9 | . 1 2 . 2 . . 1 . 2 1 . Database Lockouts . | . . . . . . . . . . . . Manual 35 | . 1 15 . 6 . . 2 . 7 4 . Terminals 57 | . 4 22 . 10 2 . 2 . 10 7 . Fabricators 5 | . . . . . 3 . . . 1 1 . Repair Stations . | . . . . . . . . . . . . Recycling Units . | . . . . . . . . . . . . Scanalyzers 6 | . . 6 . . . . . . . . . Garrison Access 3 | . . . . . 1 . 1 . . 1 . Terminal Hacks 17 | . 1 6 . 5 . . . . 2 3 . Part Schematic 1 | . . 1 . . . . . . . . . Prototype ID Bank 2 | . 1 1 . . . . . . . . . Level Access Points 1 | . . . . 1 . . . . . . . Branch Access Points 2 | . . 1 . . . . . . . 1 . Emergency Access Points 2 | . . . . 2 . . . . . . . Garrison Index 1 | . . . . . . . . . . 1 . Unreport Threat 5 | . . 1 . 2 . . . . 1 1 . Locate Traps 1 | . . 1 . . . . . . . . . Recall Reinforcements 1 | . . . . . . . . . 1 . . Registered Components 1 | . . 1 . . . . . . . . . Fabricator Hacks 3 | . . . . . 2 . . . 1 . . Build 3 | . . . . . 2 . . . 1 . . Repair Station Hacks . | . . . . . . . . . . . . Recycling Unit Hacks . | . . . . . . . . . . . . Scanalyzer 6 | . . 6 . . . . . . . . . Insert Component 3 | . . 3 . . . . . . . . . Analyze 3 | . . 3 . . . . . . . . . Garrison Access Hacks 3 | . . . . . 1 . 1 . . 1 . Unlock Access 3 | . . . . . 1 . 1 . . 1 . Unauthorized Hacks . | . . . . . . . . . . . . Terminals . | . . . . . . . . . . . . Fabricators . | . . . . . . . . . . . . Repair Stations . | . . . . . . . . . . . . Recycling Units . | . . . . . . . . . . . . Scanalyzers . | . . . . . . . . . . . . Garrison Access . | . . . . . . . . . . . . Data Cores Recovered . | . . . . . . . . . . . . Used . | . . . . . . . . . . . . Hacking Detections 27 | . 2 7 . 4 3 . 2 . 6 3 . Full Trace Events 3 | . 1 2 . . . . . . . . . Feedback Events . | . . . . . . . . . . . . Feedback Blocked . | . . . . . . . . . . . . Robot Schematics Acquired . | . . . . . . . . . . . . Robots Built 3 | . . . . . 3 . . . . . . Matter 252 | . . . . . 252 . . . . . . Time 44 | . . . . . 44 . . . . . . Total Robot Build Rating 12 | . . . . . 12 . . . . . . Part Schematics Acquired 4 | . . 4 . . . . . . . . . Parts Built 4 | . . . . . 2 . . . 2 . . Matter 490 | . . . . . 234 . . . 256 . . Time 167 | . . . . . 39 . . . 128 . . Total Part Build Rating 30 | . . . . . 14 . . . 16 . . Parts Repaired . | . . . . . . . . . . . . Time . | . . . . . . . . . . . . Parts Recycled . | . . . . . . . . . . . . Recycled Matter . | . . . . . . . . . . . . Retrieved Matter . | . . . . . . . . . . . . Retrieved Components . | . . . . . . . . . . . . Parts Scanalyzed 3 | . . 3 . . . . . . . . . Part Schematics Acquired 3 | . . 3 . . . . . . . . . Parts Damaged . | . . . . . . . . . . . . Bothacking | -11 -10 -9 -9 -8 -7 -7 -6 -6 -5 -4 -4 ------------ Run | Scr Mat Mat Min Mat Fac Gar Fac Gar Fac Fac Gar Used RIF Installer 2 | . . . . . . 1 . 1 . . . Hotswap 1 | . . . . . . . . 1 . . . Robots Hacked 13 | . . . . . . . . . 13 . . Non-combat 6 | . . . . . . . . . 6 . . Combat 7 | . . . . . . . . . 7 . . Robot Hacks Applied 20 | . . . . . . . . . 20 . . parse_system 3 | . . . . . . . . . 3 . . no_distress 1 | . . . . . . . . . 1 . . map_earth 1 | . . . . . . . . . 1 . . purge_threat 4 | . . . . . . . . . 4 . . map_route 1 | . . . . . . . . . 1 . . disrupt_area 1 | . . . . . . . . . 1 . . amplify_resonance 1 | . . . . . . . . . 1 . . overwrite_iff 2 | . . . . . . . . . 2 . . streamctrl_high 1 | . . . . . . . . . 1 . . formatsys_low 2 | . . . . . . . . . 2 . . formatsys_high 3 | . . . . . . . . . 3 . . Relay Couplers Released 14 | . . . . . . 11 . 3 . . . Machine Destruction 14 | . . . . . . 11 . 3 . . . Attached 4 | . . . . . . . . 1 3 . . Robots Rewired . | . . . . . . . . . . . . Allies Hacked . | . . . . . . . . . . . . Hacks Repelled . | . . . . . . . . . . . . Allies | -11 -10 -9 -9 -8 -7 -7 -6 -6 -5 -4 -4 -------- Run | Scr Mat Mat Min Mat Fac Gar Fac Gar Fac Fac Gar Total Allies 10 | . . . . . 3 . . . 7 . . Largest Group 3 | . . . . . 3 3 . . 3 1 . Highest-Rated Group 129 | . . . . . 90 90 . . 129 129 . Highest-Rated Ally 129 | . . . . . 30 30 . . 129 129 . Total Orders 9 | . . . . . 2 . . . 5 2 . STAY 5 | . . . . . 1 . . . 3 1 . FOLLOW 4 | . . . . . 1 . . . 2 1 . Ally Attacks 56 | . . . . . . 17 . . 16 23 . Total Damage 2099 | . . . . . . 379 . . 427 1293 . Kills 10 | . . . . . . 1 . . 2 7 . Allies Corrupted 1 | . . . . . . . . . 1 . . Allies Melted . | . . . . . . . . . . . . Intel | -11 -10 -9 -9 -8 -7 -7 -6 -6 -5 -4 -4 ------- Run | Scr Mat Mat Min Mat Fac Gar Fac Gar Fac Fac Gar Robot Analysis Total . | . . . . . . . . . . . . Derelict Logs Recovered . | . . . . . . . . . . . . Drone Launches . | . . . . . . . . . . . . Drone Recoveries . | . . . . . . . . . . . . Exploration | -11 -10 -9 -9 -8 -7 -7 -6 -6 -5 -4 -4 ------------- Run | Scr Mat Mat Min Mat Fac Gar Fac Gar Fac Fac Gar Turns Passed 9205 | 96 216 467 211 694 449 1327 282 1296 2003 1302 862 Spaces Moved 4218 | 85 203 270 72 243 207 718 155 499 977 564 225 Core 25 | 21 . . 1 . . . . 2 . . 1 Treads 2167 | . . 149 47 184 207 718 155 250 424 . 33 Legs 1638 | . . . 24 59 . . . 247 553 564 191 Wheels 388 | 64 203 121 . . . . . . . . . Hover . | . . . . . . . . . . . . Flight . | . . . . . . . . . . . . Fastest Speed 50 | 50 80 95 160 160 160 160 158 105 120 120 120 Average Speed 167 | 72 93 133 205 169 160 161 158 169 165 196 252 Slowest Speed 1650 | 80 95 260 450 200 160 163 158 450 260 200 1650 Overloaded Moves . | . . . . . . . . . . . . Propulsion Burnouts . | . . . . . . . . . . . . Robots Hopped . | . . . . . . . . . . . . Cave-ins Triggered . | . . . . . . . . . . . . Exploration Rate (%) 27 | 6 37 31 23 29 4 57 5 65 21 16 39 Regions Visited 11 Branch Regions 1 Pre-discovered Areas . | . . . . . . . . . . . . Known Exits Taken 5 | . . 1 . 1 1 . 1 . . 1 . Unknown Exits Taken 4 | 1 1 . 1 . . . . . 1 . . Scrap Searched . | . . . . . . . . . . . . Spaces Dug 13 | . . . . . . . . . . 13 . Terrain Destroyed 395 | . . . 11 . . . . 94 74 42 174 Melee . | . . . . . . . . . . . . Projectile 43 | . . . . . . . . 1 23 16 3 AOE 352 | . . . 11 . . . . 93 51 26 171 Terrain Rammed . | . . . . . . . . . . . . Walls Destroyed . | . . . . . . . . . . . . Machines Disabled . | . . . . . . . . . . . . Actions | -11 -10 -9 -9 -8 -7 -7 -6 -6 -5 -4 -4 --------- Run | Scr Mat Mat Min Mat Fac Gar Fac Gar Fac Fac Gar Total 5582 | 102 225 321 99 407 326 800 170 806 1221 664 441 Wait 476 | 2 14 4 . 49 89 4 . 120 58 . 136 Move 4210 | 84 202 269 71 242 207 717 155 498 976 564 225 Hop . | . . . . . . . . . . . . Pick Up 95 | 3 4 3 . 17 7 10 1 17 14 16 3 Fast Attach 96 | 6 2 4 . 9 2 4 1 30 18 7 13 Attach 40 | . . 2 7 3 2 . 1 8 3 3 11 Detach 12 | . 1 3 . 3 . . . 2 . 3 . Swap 88 | . . 4 . 8 7 7 1 12 33 15 1 Drop 117 | . . 2 . 15 11 14 . 22 36 17 . Fire 414 | 7 2 30 21 61 1 41 10 97 82 39 23 Melee 5 | . . . . . . . . . . . 5 Ram . | . . . . . . . . . . . . Kick . | . . . . . . . . . . . . Crush 12 | . . . . . . . 1 . . . 11 Escape Stasis 16 | . . . . . . 3 . . . . 13 Rewire 1 | . . . . . . . . . 1 . . Trap . | . . . . . . . . . . . . Miscellaneous . | . . . . . . . . . . . . Route ------- -11/Scrapyard -10/Materials -9/Materials (discovered 5 exits: *Mat / *Min x2 / *Sto x2) -9/Mines -8/Materials (discovered 3 exits: *Fac x3) -7/Factory -7/Garrison (discovered 2 exits: *Fac x2) -6/Factory -6/Garrison -5/Factory (discovered 4 exits: *Fac x2 / [*Upp] / [*Ext]) -4/Factory (discovered 4 exits: [*Res] / Upp x2 / Gar) -4/Garrison History --------- Turn | Location | Event 2 | -11/Scrapyard | Met Revision 17 59 | -11/Scrapyard | Discovered new exit (range 8) 97 | -11/Scrapyard | Entered Materials 214 | -10/Materials | Discovered new exit (range 16) 309 | -10/Materials | Build established: Mutant 313 | -10/Materials | Entered another Materials area 313 | -9/Materials | Evolved 2 slots: Utility x2 314 | -9/Materials | Identified exit to Mines 314 | -9/Materials | Identified exit to Storage 671 | -9/Materials | Discovered new exit (range 3) 780 | -9/Materials | Entered Mines 781 | -9/Mines | A Derelict revealed a hidden shortcut to a safe place 781 | -9/Mines | Assembled infested the area 829 | -9/Mines | Core integrity fell below 50% 853 | -9/Mines | Destroyed 11 combat bots 870 | -9/Mines | Lost 6 parts (1n2u3w) 954 | -9/Mines | Core integrity fell below 20% 978 | -9/Mines | Lost 4 parts (1p2n1u) 985 | -9/Mines | Discovered new exit (range 4) 991 | -9/Mines | Entered Materials 991 | -8/Materials | Evolved 2 slots: Utility x2 1279 | -8/Materials | Identified exit to Factory 1685 | -8/Materials | Entered Factory 1685 | -7/Factory | Evolved 2 slots: Propulsion x1, Weapon x1 1766 | -7/Factory | Build established: Scavenger-Skirmisher 1805 | -7/Factory | Fabricated Phase Gun (x2) 1888 | -7/Factory | Local fabrication network quarantined 1920 | -7/Factory | Fabricated L-41 Fighter (x3) 2132 | -7/Factory | Identified exit to Garrison 2134 | -7/Factory | Entered Garrison 2134 | -7/Garrison | Accompanied by 3 allies 2142 | -7/Garrison | Installed Relay Interface Framework 2238 | -7/Garrison | Triggered checkpoint 2272 | -7/Garrison | Build established: Skirmisher 2317 | -7/Garrison | Garrison Relay disabled 2384 | -7/Garrison | Triggered checkpoint 2396 | -7/Garrison | Triggered checkpoint 2604 | -7/Garrison | Discovered new exit (range 9) 2688 | -7/Garrison | Garrison Relay disabled 2710 | -7/Garrison | Triggered checkpoint 2945 | -7/Garrison | Build established: Scavenger-Skirmisher 3067 | -7/Garrison | Discovered new exit (range 8) 3103 | -7/Garrison | Triggered checkpoint 3163 | -7/Garrison | Destroyed 7 combat bots 3456 | -7/Garrison | Identified exit to Factory 3461 | -7/Garrison | Entered Factory 3461 | -6/Factory | Evolved 2 slots: Propulsion x1, Utility x1 3738 | -6/Factory | Garrison activated, responded to threat 3743 | -6/Factory | Identified exit to Garrison 3743 | -6/Factory | Entered Garrison 3764 | -6/Garrison | Triggered checkpoint 3870 | -6/Garrison | Phase Generator disabled 4020 | -6/Garrison | Lost 3 parts (2n1w) 4091 | -6/Garrison | Spotted B-75 Beast 4096 | -6/Garrison | Triggered checkpoint 4281 | -6/Garrison | Core integrity fell below 50% 4291 | -6/Garrison | Lost 15 parts (2p4n4u5w) 4558 | -6/Garrison | Triggered checkpoint 4584 | -6/Garrison | Garrison Relay disabled 4624 | -6/Garrison | Build established: Scavenger-Mutant 4673 | -6/Garrison | Discovered new exit (range 15) 4747 | -6/Garrison | System corruption reached 10% 5029 | -6/Garrison | Build established: Scavenger-Tank 5033 | -6/Garrison | Expanded RIF knowledge: Hotswap 5039 | -6/Garrison | Entered Factory 5039 | -5/Factory | Evolved 2 slots: Power x1, Utility x1 5607 | -5/Factory | Build established: Scavenger-Mutant 5770 | -5/Factory | Found Prototype Launcher 5873 | -5/Factory | Discovered new exit (range 16) 6202 | -5/Factory | Fabricated Biometal Medium Treads? 6376 | -5/Factory | Discovered new exit (range 6) 6450 | -5/Factory | Identified Rocket Array 6548 | -5/Factory | System corruption reached 10% 6558 | -5/Factory | P-70 Sage assimilated allied Administrator 6c 6747 | -5/Factory | Build established: Bothacker-Tank 6803 | -5/Factory | Discovered new exit (range 12) 6960 | -5/Factory | Discovered new exit (range 61) 7042 | -5/Factory | Entered another Factory area 7042 | -4/Factory | Accompanied by 1 ally 7042 | -4/Factory | Evolved 2 slots: Utility x1, Weapon x1 7350 | -4/Factory | Build established: Scavenger-Tank 7360 | -4/Factory | Identified exit to Upper Caves 8235 | -4/Factory | Discovered new exit (range 5) 8239 | -4/Factory | Cargo convoy interrupted 8288 | -4/Factory | Garrison activated, responded to threat 8344 | -4/Factory | Identified exit to Garrison 8344 | -4/Factory | Entered Garrison 8355 | -4/Garrison | Build established: Bothacker-Tank 8437 | -4/Garrison | Triggered checkpoint 8466 | -4/Garrison | Spotted B-86 Titan 8514 | -4/Garrison | Triggered checkpoint 8644 | -4/Garrison | Lost 11 parts (3p1n4u3w) 8736 | -4/Garrison | Core integrity fell below 50% 8777 | -4/Garrison | Lost 6 parts (1p3n2w) 8787 | -4/Garrison | Core integrity fell below 20% 8829 | -4/Garrison | Lost 3 parts (2n1w) 8832 | -4/Garrison | Build established: Mutant 8846 | -4/Garrison | Triggered checkpoint 9206 | -4/Garrison | Destroyed by B-86 Titan with Railgun Last Messages --------------- [Achievement: Oops] 08905_ The unstable cave ceiling collapses. 08909_ System corrupted: Energy discharge (-29). 08911_ The unstable cave ceiling collapses. 08927_ G7CBOE,NV5Y#EJBWV&,G:ID 08991_ System corrupted: Matter fused (-7). 09018_ System corrupted: Heat flow error (+225). 09060_ System corrupted: Component data lost. 09079_ System corrupted: Energy discharge (-40). 09152_ KQ/GHP5P21OOU7AVZ33OUYRW#M X , 09169_ Acquired 7 matter. 09176_ Acquired 3 matter. 09183_ Acquired Adv. Myomer Leg. 09189_ Acquired Hvy. Plasma Cannon. 09195_ Neutron Missile Launcher destroyed. 09195_ Penetrated by Slug. 09195_ Slug penetrates Wall. [Achievement: First Step to Greatness] [Achievement: 5k Club] [Achievement: 10k Club] Map ----- +----------------------------------------------------+ | ???????# #???#"# ### # ## # #?????????????????? | | ???????# #???#" ## # # #????????????????? | | ???????# #???#" ### #????????????????? | | ???????### #?###" ## # # ##????????????????? | | ?????????# ### #"# #### # ###?????????????????? | | ?????????# # ### # ## ## #???????????????????? | | ?????????# # # #? #######?????????????? | | ?????????# # ## # #######? # #?????????????? | | ?????????# #### ## #### ## # #???????????? | | ?????????# #???????????? | | ?????????# # #???????????? | | ?????????###### # ## # ##### ##???????????? | | ???????? ### # # ## #?? ??????????????? | | ???????# # # ## # ##?? #?????????????? | | ??????# ## ### # ## ###??? #?????????????? | | ??????###?### # # #;###### #?????????????? | | ????????????### # ; # #?#####???????? | | ??????????????######## ;;;;;### #? #???????? | | ????????????????????# ; !% # ## ![#####???? | | ????????????????????### ;;; % =%!%| ???? | | ?????????????????????# !! ![*[! ???? | | ?????????????????????## % %*[ ???? | | ??????????????????????### ;# # # ## ? #??? | | ????????????????????????# ;# ### ## #??? | | ????????????????????????# #### BB "??? | | ??????????????????????###@ ; "??? | | ??????????????????????# % % + "??? | | ??????????????????????# ###### "??? | | ??????????????????????# ###??### ## ##??????? | | ?????????????????????## ###### ## #???????? | | ?????????????????????# #??? | | ????????????????????# % #??? | | ????????????????????## ######## #??? | | ?????????????????????# #??????## ##""""## ##??? | | ?????????????????????# #???????# #?????????????? | | ?????????????????????# #???????# #?????????????? | | ?????????????????????# #???????? #?????????????? | | ?????????????????????# #???????? #?????????????? | | ?????????????????????# #???????? #?????????????? | | ?????????????????????# ????????? #?????????????? | | ????????????????????? ????????? #?????????????? | | ????????????????????? ????????? #?????????????? | | ?????????????????????# ?????????###?????????????? | | ?????????????????????? ?????????????????????????? | | ?????????????????????? ?????????????????????????? | | ?????????????????????? ?????????????????????????? | | ?????????????????????????????????????????????????? | | ?????????????????????????????????????????????????? | | ?????????????????????????????????????????????????? | | ?????????????????????????????????????????????????? | +----------------------------------------------------+ Best States ------------- Heat Dissipation 108 Energy Generation 34 Energy Capacity 585 Matter Stores 300 Matter Capacity 300 Sight Range 18 Robot Scan Range 15 Terrain Scan Density 10 Armor Coverage 450 Resistance: KI 45 Resistance: TH 20 Resistance: EX 20 Resistance: EM 35 Resistance: I 20 Resistance: S 20 Resistance: P 20 Power Shielding 33 Propulsion Shielding 66 Utility Shielding 66 Phase Shifting 5 Evasion (%) 55 Recoil Reduction 5 Particle Charging 20 Offensive Hacking 10 Relay Coupler Types 46 Relay Coupler Value 3 Item Schematics ----------------- Hcp. Storage Unit | -9/Materials | Hacked Lrg. Storage Unit | -9/Materials | Scanalyzed Grenade Launcher | -9/Materials | Scanalyzed Heat Sink | -9/Materials | Scanalyzed Robot Schematics ------------------ None Fabricated ------------ Phase Gun | x2 | -7/Factory | Preloaded L-41 Fighter | x3 | -7/Factory | Preloaded Biometal Medium Treads | x2 | -5/Factory | Preloaded Alien Tech Used ----------------- None Achievements -------------- 10k Club 5k Club Assimilation Complete Backstab Close Call Crack Shot Error 47 Everything Is Under Control First Step to Greatness GoHome() Hey, That's Mine! I Survived The Infestation It's Just You Just What I Needed Let's See Who's Tougher Loot Pinata Made in Tau Ceti IV More Dakka Please My Command Is Your Wish Novice Programmer Oops Power Corrupts Remodeling Respectable Loadout Risk Taker Serviceable Loadout Short-term Sacrifices Storm Trooper System Compromised Tank Troublemaker Uninvited Guest root@ Challenges ------------ None Game ------ Seed GravitonHardcellPod Manual? 0 Play Time 01:44:48 Cumulative 3.4 hours Start 2021.08.23 @ 21:25:58 End 2021.08.23 @ 23:22:22 Sessions 3 Manual Loads 0 Difficulty Adventurer Special Mode None Game No. 1 Rogue 0 Adventurer 1 Explorer 0 Win Type - Total 0 Types 0/0/0/0/0/0/0/0/0 Lore% 0 Gallery% 9 Achievement% 12 Wizard Run 0 Options --------- ASCII 1 Keyboard 1 Movement Vi Keybinds 0 Fullscreen 1 Font 18/CogNarrow Map View 76x50 Tactical HUD 1 Map Filters NONE Filters NONE Steam 0 RUN: ead170f8-a869-4ab0-b39d-837cab7c27ec